 Dungeon Crawl Stone Soup version 0.30.0-5-g1a98f26d00 (webtiles) character file.

Game seed: 4410022981570685557

32 EnegeticOcto the Insei (level 3, -2/29 HPs)
             Began as a Meteoran Transmuter on May 11, 2023.
             Slain by a gnoll bouda
             ... wielding a +0 club
              (8 damage)
             ... on level 4 of the Dungeon.
             The game lasted 00:02:12 (320 turns).

EnegeticOcto the Insei (Meteoran Transmuter)         Turns: 320, Time: 00:02:13

Health: -2/29      AC:  2    Str: 12    XL:     3   Next: 64%
Magic:  6/8        EV: 12    Int: 16    God:
Gold:   28         SH:  0    Dex: 14    Spells: 4/7 levels left

rFire   . .          .
                       - Unarmed
rCold   . . .        (no shield)
rNeg    . . .        a - +0 robe
rPois   .            (helmet currently unavailable)
rElec   .            (no cloak)
rCorr   .            (no gloves)
SInv    .            (boots currently unavailable)
Will    .....        (no amulet)
Stlth   +            (no ring)
HPRegen 0.24/turn    (no ring)
MPRegen 0.11/turn

%: no passive effects
@: appendages, wereblooded, glowing
A: horns 2, talons 2, sense surroundings 1, otherworldly, glowing, explore regen
a: End Transformation


You were on level 4 of the Dungeon.
You had temporarily grown beastly horns and talons.
You visited 1 branch of the dungeon, and saw 4 of its levels.

You collected 28 gold pieces.

Inventory:

Missiles
 c - 3 curare-tipped darts
Armour
 a - a +0 robe (worn)
Scrolls
 e - a scroll of teleportation {unknown}
Potions
 b - a potion of lignification {@q6}
 d - a potion of curing {unknown}


   Skills:
 + Level 1.8 Fighting
 - Level 2.4 Dodging
 * Level 4.5 Unarmed Combat
 - Level 2.6 Spellcasting
 + Level 3.0 Transmutations


You had 4 spell levels left.
You knew the following spells:

 Your Spells              Type           Power      Damage    Failure   Level
b - Wereblood             Tmut           11%        N/A       9%          2
c - Beastly Appendage     Tmut           22%        N/A       5%          1

Your spell library contained the following spells:

 Spells                   Type           Power      Damage    Failure   Level
 Spider Form              Tmut/Pois      7%         N/A       30%         3
 Ice Form                 Ice/Tmut       7%         N/A       71%         4


Dungeon Overview and Level Annotations

Branches:
Dungeon (4/15) Zot: 2082
 Temple: D:4-7

Altars:


Innate Abilities, Weirdness & Mutations

You have temporarily grown beastly horns and talons.
You passively map a small area around you.
You are easily found by Zot.
You glow in the dark.
You regain HP and MP as you explore.


Message History

A kobold and an orc come into view.
The orc is wielding a +0 short sword and wearing a +0 ring mail of cold resistance.
The kobold shouts!
The orc shouts!
The kobold throws a stone.
The stone hits you. The orc hits you with a +0 short sword.
There is an open door here.
Casting: Beastly Appendage (safe; 8% risk of failure)
Confirm with . or Enter, or press ? or * to list all spells.
Your blood is infused with primal strength.
The orc hits you with a +0 short sword.
Casting: Wereblood (safe; 11% risk of failure)
Confirm with . or Enter, or press ? or * to list all spells.
You grow a pair of large bovine horns.
Your feet morph into talons.
The orc barely misses you.
You hit the orc but do no damage. You claw the orc.
The orc is heavily wounded.
The orc hits you with a +0 short sword.
You hit the orc. You headbutt the orc, but do no damage.
The orc is heavily wounded.
The orc hits you with a +0 short sword.
You hit the orc. Your kick misses the orc.
The orc is heavily wounded.
The kobold hits you with a +0 dagger. The orc barely misses you.
You hit the orc. You claw the orc.
You feel a bit better.
You kill the orc!
You howl as the wereblood boils in your veins!
The kobold hits you with a +0 dagger.
You hit the kobold.
You feel a bit better.
You kill the kobold!
You howl as the wereblood boils in your veins!
You howl as the wereblood boils in your veins!
Your transformation is almost over.
Things that are here:
a +0 short sword; a +0 ring mail of cold resistance; an orc corpse
Things that are here:
a +0 dagger; 5 stones; a kobold corpse You howl as the wereblood boils in your veins!
You howl as the wereblood boils in your veins!
Found a scroll labelled KESENI LIEPEJ.
Your horns disappear.
Your talons disappear.
e - a scroll labelled KESENI LIEPEJ You howl as the wereblood boils in your veins!
You hear a shout! x2
Your primal bloodlust is almost over.
A gnoll comes into view. It is wielding a +0 spear.
Casting: Beastly Appendage (safe; 8% risk of failure)
Confirm with . or Enter, or press ? or * to list all spells.
Your blood is freshly infused with primal strength!
Casting: Wereblood (safe; 11% risk of failure)
Confirm with . or Enter, or press ? or * to list all spells.
You grow a pair of large bovine horns.
Your feet morph into talons.
A gnoll comes into view. It is wielding a +0 flail.
The gnoll shouts!
A gnoll comes into view. It is wielding a +0 whip.
The gnoll shouts!
The gnoll closely misses you. The gnoll barely misses you.
You hit the gnoll.
The gnoll is moderately wounded.
The gnoll barely misses you.
A gnoll bouda comes into view. It is wielding a +0 club.
The gnoll bouda shouts!
You hit the gnoll. You claw the gnoll, but do no damage.
You headbutt the gnoll.
You kill the gnoll!
You have reached level 3!
Your experience leads to an increase in your attributes!
Increase (s)trength, (i)ntelligence, or (d)exterity?
You feel clever. x2; You feel stronger.
Found a stone staircase leading down.
You howl as the wereblood boils in your veins!
The gnoll hits you with a +0 flail.
The gnoll bouda gazes fiercely through you!
You feel your attacks grow feeble.
You see here a +0 spear.
You closely miss the gnoll. The gnoll hits you with a +0 flail.
You closely miss the gnoll. The gnoll hits you with a +0 flail!
The gnoll bouda barks out a call to the hunt!
The gnolls pick up the pace!
You hit the gnoll. You claw the gnoll, but do no damage.
The gnoll is heavily wounded.
The gnoll hits you but does no damage.
You barely miss the gnoll. You claw the gnoll. Your punch misses the gnoll.
The gnoll is almost dead.
You howl as the wereblood boils in your veins!
The gnoll hits you with a +0 flail.
* * * LOW HITPOINT WARNING * * *
You closely miss the gnoll. Your kick misses the gnoll. You headbutt the gnoll.
You feel a bit better.
You kill the gnoll!
Your Transmutations skill increases to level 3!
Your attacks no longer feel as feeble.
You hit the gnoll bouda.
The gnoll bouda is moderately wounded.
The gnoll bouda hits you with a +0 club.
* * * LOW HITPOINT WARNING * * *
You closely miss the gnoll bouda. Your kick misses the gnoll bouda.
The gnoll bouda is moderately wounded.
The gnoll bouda hits you with a +0 club!
You die...

, ** , , ,..# ,, ..#
* * * #.# #.# #.# .
#.#
....#######.#####
#..gg@........+ ,
....#######.#####...
> , ................
* #######.####.... *
#.# *, . , * #.# , ,
, #.######* *
########......#
#......').....#


You could see a gnoll bouda and a gnoll (swift).

Vanquished Creatures
  2 gnolls (D:4)
  An orc (D:4)
  A ball python (D:2)
  2 bats
  A goblin (D:2)
  4 frilled lizards
  A kobold (D:4)
  2 rats (D:2)
14 creatures vanquished.

Notes
Turn   | Place    | Note
-------+----------+-------------------------------------------
     0 | D:1      | EnegeticOcto the Meteoran Transmuter began the quest for
                  | the Orb.
     0 | D:1      | Reached XP level 1. HP: 16/16 MP: 5/5
   101 | D:2      | Reached XP level 2. HP: 12/23 MP: 4/6
   106 | D:2      | Reached skill level 4 in Unarmed Combat
   126 | D:2      | Learned a level 2 spell: Wereblood
   312 | D:4      | Reached XP level 3. HP: 29/29 MP: 5/8
   318 | D:4      | Reached skill level 3 in Transmutations
   320 | D:4      | Slain by a gnoll bouda

Illustrated notes

Levels and vault maps discovered:
D:1:      minmay_arrival_radiant_lines, layout_loops_cross,
          ebering_ecumenical_altar_hall, serial_shops, shop, minivault_24,
          minmay_misc_feat_nine_boxes, corexii_hall_statues_x,
          grunt_decor_fettered
D:2:      layout_basic, kennysheep_generic_room_5
D:3:      layout_loops_ring, amethyst_killhole
D:4:      layout_basic

Skill      XL: |  1  2  3 |
---------------+----------+-----
Unarmed Combat | 4 |  4.5
Transmutations | 3 |  3.0
Fighting       | |  1.8
Dodging        | |  2.4
Spellcasting   | |  2.6

Action                     || total
---------------------------++-------
  Melee: Unarmed           ||    45
         Kick              ||    10
         Headbutt          ||     4
   Cast: Beastly Appendage ||     8
         Wereblood         ||     5
    Use: Scroll            ||     1
 Armour: Robe              ||     9
  Dodge: Dodged            ||    15
